 Dungeon Crawl Stone Soup version 0.26.1-15-g04117e645d (webtiles) character file.

Game seed: 14332391573050436121

12789 Froggeryz the Slicer (level 11, -7/75 HPs)
             Began as an Octopode Berserker on May 4, 2022.
             Was a High Priest of Trog.
             Mangled by a basilisk (9 damage)
             ... while petrified by a basilisk
             ... on level 2 of the Lair of Beasts.
             The game lasted 00:16:59 (13412 turns).

Froggeryz the Slicer (Octopode Berserker)          Turns: 13412, Time: 00:17:00

Health: -7/75      AC:  1    Str: 17    XL:     11   Next: 98%
Magic:  0/11       EV:  2    Int: 10    God:    Trog [*****.]
Gold:   706        SH:  0    Dex: 20    Spells: 10/10 levels left

rFire    . . .     SeeInvis .   U - +1 rapier (venom)
rCold    + . .     Faith    .   (no shield)
rNeg     + + +     Spirit   +   (helmet restricted)
rPois    ∞         Reflect  .   M - amulet of guardian spirit
rElec    .         Harm     .   c - ring of protection from cold
rCorr    .         Rampage  .   k - +6 ring of dexterity
Will     ++...                  E - ring of positive energy
Stlth    +++++.....             (no ring)
HPRegen  1.22/turn              (no ring)
MPRegen  0.12/turn              (no ring)
                                (no ring)
                                (no ring)

@: petrified, regenerating
A: almost no armour, stealthy swim, amphibious, 8 rings, constrict 8, camouflage
1, gelatinous body 1
a: Renounce Religion, Berserk, Trog's Hand, Brothers in Arms


You were on level 2 of the Lair of Beasts.
You worshipped Trog.
Trog was extremely pleased with you.
You visited 2 branches of the dungeon, and saw 11 of its levels.
You also visited: Ossuary.

You collected 706 gold pieces.

Inventory:

Hand Weapons
 q - the +3 dagger of Cumuiniwk {vorpal, rPois rC++ Str+4 Stlth-}
   (You found it on level 4 of the Dungeon)

   It inflicts extra damage upon your enemies.
   It affects your strength (+4).
   It greatly protects you from cold.
   It protects you from poison.
   It makes you less stealthy.
 U - a +1 rapier of venom (weapon)
Missiles
 i - 12 poisoned darts
 j - 5 silver javelins
 D - 7 javelins
 K - 13 boomerangs
 V - 8 silver boomerangs
Jewellery
 a - a cursed ring of teleportation {unknown}
 c - a ring of protection from cold (left tentacle)
 k - a +6 ring of dexterity (right tentacle)
 y - an uncursed ring of fire
 A - an uncursed ring of fire
 E - a ring of positive energy (on tentacle)
 M - an amulet of guardian spirit (around mantle)
 P - an uncursed ring of ice
 R - an uncursed amulet of reflection
Wands
 d - a wand of flame (11)
 m - a wand of paralysis (4)
 n - a wand of random effects (44)
 F - a wand of enslavement (4)
 G - a wand of polymorph (6)
 Q - a wand of disintegration (6)
Scrolls
 e - 3 scrolls of enchant armour
 g - 3 scrolls of summoning
 h - 7 scrolls of teleportation
 r - 3 scrolls of enchant weapon
 s - 2 scrolls of fear
 u - 2 scrolls of magic mapping
 v - 2 scrolls of noise {unknown}
 w - a scroll of identify
 x - a scroll of blinking
 B - 5 scrolls of immolation {unknown}
 C - 6 scrolls of remove curse
 L - a scroll of random uselessness {unknown}
 O - a scroll of fog {unknown}
 W - a scroll of brand weapon
Potions
 b - 3 potions of invisibility
 f - 5 potions of haste
 l - a potion of cancellation
 o - 3 potions of flight
 p - 2 potions of heal wounds {unknown}
 t - 3 potions of lignification
 z - a potion of berserk rage {unknown}
 H - a potion of resistance {unknown}
 I - a potion of might {unknown}
 J - a potion of degeneration {unknown}
 N - 2 potions of attraction {unknown}
 S - 2 potions of mutation {unknown}
 T - a potion of curing


   Skills:
 - Level 7.5 Fighting
 * Level 11.8 Short Blades
 - Level 6.1 Throwing
 + Level 10.5 Dodging
 + Level 8.5 Stealth


You had 10 spell levels left.
You didn't know any spells.
Your spell library was empty.

Dungeon Overview and Level Annotations

Branches:
Dungeon (9/15)             Temple (0/1) D:7            Lair (2/6) D:8
Ossuary (visited)
  Swamp: Lair:2-4    Shoals: Lair:2-4     Snake: Lair:2-4    Spider: Lair:2-4
    Orc: D:9-12

Altars:
Ashenzari
Cheibriados
Dithmenos
Elyvilon
Fedhas
Gozag
Hepliaklqana
Nemelex Xobeh
Qazlal
Ru
Sif Muna
Uskayaw
The Shining One

Portals:
Abyss: D:9
Volcano: Lair:2

Annotations:
D:9 2 transporters, DildoBatman's ghost, novice FoCj


Innate Abilities, Weirdness & Mutations

You cannot wear most types of armour.
You are very stealthy in the water. (Stealth+)
You are amphibious.
You can wear up to eight rings at the same time.
You can use your tentacles to constrict eight enemies at once.
Your skin changes colour to match your surroundings (Stealth+).
Your rubbery body absorbs attacks. (AC +1, EV +1)


Message History

The fire bat bites you but does no damage.
The fire bat bites you.
You are engulfed in flames.
The basilisk bites you! The fire bat bites you.
You are engulfed in flames.
The basilisk bites you!
* * * LOW HITPOINT WARNING * * *
The fire bat bites you.
* * * LOW HITPOINT WARNING * * *
You are engulfed in flames.
* * * LOW HITPOINT WARNING * * *
The basilisk bites you!
* * * LOW HITPOINT WARNING * * *
The fire bat bites you.
* * * LOW HITPOINT WARNING * * *
You are engulfed in flames.
* * * LOW HITPOINT WARNING * * *
The basilisk bites you!!
* * * LOW HITPOINT WARNING * * *
The fire bat bites you.
You are engulfed in flames.
* * * LOW HITPOINT WARNING * * *
The basilisk bites you!!
You die...

.......#######....# *
.....###**#...#.#.# ....##
#....##.### ...#.# ##..##...#
..#### #####...## ### ##.....# #
#......# # ##### ###.....## #
#.#.####...b.@..#* ##
#......#.....l...#
.###......##.......##
..##P......##......#
..###......##....###
..P##......####∩## ####
...##.†.....# ##* ##..###
....†††.....### ##########....P#
..............###..P##.........##


You could see a basilisk and a fire bat.

Vanquished Creatures
  A hydra (Lair:2)
  Pikel (D:8)
  A black mamba (Lair:2)
  3 cane toads
  3 komodo dragons
  A rime drake (Lair:1)
  A troll (D:9)
  2 polar bears (Lair:1)
  The ghost of feta the Shield-Bearer, an amateur FoFi (D:4)
  Grinder (D:5)
  4 blink frogs (Lair:1)
  Sigmund (D:2)
  A vampire (D:9)
  7 yaks
  2 fire bats (Lair:2)
  A wyvern (Lair:2)
  Duvessa (D:6)
  4 water moccasins
  3 ice beasts (D:5)
  An orc warrior (D:8)
  2 phantoms
  A black bear (D:8)
  4 ogres
  5 centaurs
  8 wolves (Lair:2)
  2 lemures (D:8)
  2 elf zombies (Ossuary)
  Blork the orc (D:6)
  9 bullfrogs
  A gnoll sergeant (D:7)
  Dowan (D:6)
  8 scorpions
  A water moccasin skeleton (D:6)
  8 killer bees
  3 howler monkeys
  3 wights (D:7)
  The ghost of Efficiency the Chiller, a weakling HaIE (D:5)
  A centaur zombie (Ossuary)
  2 bullfrog zombies (D:5)
  4 hounds
  2 human zombies (Ossuary)
  5 orc wizards
  3 bullfrog skeletons
  An orc priest (D:7)
  Crazy Yiuf (D:3)
  2 centaur skeletons (D:4)
  Natasha (thrice) (D:3)
  4 iguanas
  7 worker ants
  A killer bee zombie (D:5)
  A big kobold zombie (Ossuary)
  3 bullfrog simulacra (D:5)
  A hound skeleton (D:6)
  3 mummies
  7 gnolls
  14 adders
  A shadow imp (D:6)
  2 white imps
  A howler monkey simulacrum (D:5)
  2 oozes
  2 adder skeletons
  2 adder zombies (Ossuary)
  3 worms
  3 dart slugs
  5 leopard geckos
  25 orcs
  9 bats
  3 giant cockroaches
  5 goblins
  10 hobgoblins
  2 quokkas
  A ball python (D:2)
  4 frilled lizards
  A goblin zombie (Ossuary)
  8 hobgoblin zombies (Ossuary)
  A jackal zombie (Ossuary)
  9 kobolds
  9 kobold zombies
  11 orc zombies
  A quokka simulacrum (D:5)
  4 rats
  A rat zombie (Ossuary)
290 creatures vanquished.

Vanquished Creatures (others)
  A rat (D:2)
  15 fungi
  9 plants
25 creatures vanquished.

Grand Total: 315 creatures vanquished

Notes
Turn   | Place    | Note
-------+----------+-------------------------------------------
     0 | D:1      | Froggeryz the Octopode Berserker began the quest for the
                  | Orb.
     0 | D:1      | Reached XP level 1. HP: 16/16 MP: 1/1
    57 | D:1      | Reached skill level 1 in Stealth
    61 | D:1      | Reached XP level 2. HP: 17/21 MP: 2/2
   483 | D:1      | Reached XP level 3. HP: 26/26 MP: 3/3
  1235 | D:1      | Reached skill level 4 in Short Blades
  1292 | D:2      | Found a hide-covered altar of Uskayaw.
  1395 | D:2      | Reached ** piety under Trog
  1507 | D:2      | Found a shimmering blue altar of Sif Muna.
  1522 | D:2      | Noticed Sigmund
  1533 | D:2      | Found a snail-covered altar of Cheibriados.
  1550 | D:2      | Found a blossoming altar of Fedhas.
  1788 | D:2      | Killed Sigmund
  1789 | D:2      | Reached skill level 5 in Short Blades
  1789 | D:2      | Reached XP level 4. HP: 31/31 MP: 4/4
  1789 | D:2      | Reached XP level 5. HP: 36/36 MP: 5/5
  1989 | D:2      | Reached XP level 6. HP: 42/42 MP: 6/6
  2808 | D:3      | Noticed Natasha
  2815 | D:3      | Killed Natasha
  2816 | D:3      | Reached skill level 6 in Short Blades
  3054 | D:3      | Found a runed translucent door.
  3055 | D:3      | Noticed Crazy Yiuf
  3185 | D:3      | Killed Crazy Yiuf
  3267 | D:3      | Noticed Natasha
  3277 | D:3      | Killed Natasha
  3556 | D:3      | Noticed Natasha
  3561 | D:3      | Killed Natasha
  3562 | D:3      | Reached XP level 7. HP: 46/46 MP: 7/7
  3606 | D:4      | Found a stormy altar of Qazlal.
  3609 | D:4      | Noticed an air elemental
  3609 | D:4      | Noticed a water elemental
  3615 | D:4      | Noticed a fire elemental
  3644 | D:4      | Got an ichor-stained dagger
  3645 | D:4      | Identified the +3 dagger of Cumuiniwk {vorpal, rPois rC++
                  | Str+4 Stlth-} (You found it on level 4 of the Dungeon)
  3864 | D:4      | Noticed feta's ghost (amateur FoFi)
  3872 | D:4      | Found a runed translucent gate.
  3872 | D:4      | Found a runed translucent gate.
  3874 | D:4      | Found a runed translucent gate.
  3961 | D:4      | Reached skill level 7 in Short Blades
  4110 | D:4      | Killed feta's ghost
  4113 | D:4      | Reached XP level 8. HP: 27/52 MP: 8/8
  4614 | D:4      | Reached skill level 8 in Short Blades
  4614 | D:4      | Reached skill level 5 in Dodging
  4653 | D:4      | Reached *** piety under Trog
  4941 | D:5      | Entered Level 5 of the Dungeon
  4941 | D:5      | Noticed Grinder
  4980 | D:5      | Killed Grinder
  4981 | D:5      | Reached skill level 9 in Short Blades
  5072 | D:5      | Noticed Efficiency's ghost (weakling HaIE)
  5229 | D:5      | Found a runed translucent gate.
  5229 | D:5      | Found a runed translucent gate.
  5229 | D:5      | Found a runed translucent gate.
  5363 | D:5      | Found an opulent altar of Gozag.
  5413 | D:5      | Found a broken altar of Ashenzari.
  5420 | D:5      | Reached XP level 9. HP: 56/56 MP: 9/9
  5594 | D:5      | Killed Efficiency's ghost
  5645 | D:5      | Reached skill level 10 in Short Blades
  5872 | D:6      | Noticed Duvessa
  5878 | D:6      | Noticed Dowan
  5893 | D:6      | Killed Duvessa
  5894 | D:6      | Reached skill level 1 in Throwing
  5900 | D:6      | Killed Dowan
  6256 | D:6      | Found a hazy altar of Hepliaklqana.
  6314 | D:6      | Found a shadowy altar of Dithmenos.
  6334 | D:6      | Noticed Blork the orc
  6344 | D:6      | Killed Blork the orc
  7013 | D:7      | Reached **** piety under Trog
  7052 | D:7      | Found a sand-covered staircase.
  7057 | Ossuary  | Entered an ossuary
  7255 | Ossuary  | Reached XP level 10. HP: 65/65 MP: 10/10
  7302 | Ossuary  | Reached skill level 5 in Fighting
  7475 | D:7      | Reached ***** piety under Trog
  7924 | D:7      | Found an opulent altar of Gozag.
  7924 | D:7      | Found a sparkling altar of Nemelex Xobeh.
  8177 | D:7      | Found a staircase to the Ecumenical Temple.
  8267 | D:8      | Found a sacrificial altar of Ru.
  8400 | D:8      | Found a white marble altar of Elyvilon.
  8456 | D:8      | Found a glowing golden altar of the Shining One.
  8774 | D:8      | Found a staircase to the Lair.
  9006 | D:8      | Noticed Pikel
  9040 | D:8      | Killed Pikel
  9041 | D:8      | Reached skill level 5 in Throwing
  9374 | D:9      | HP: 3/69 [something (5)]
 10258 | D:9      | Noticed a purple ugly thing
 10259 | D:9      | Found a one-way gate to the infinite horrors of the Abyss.
 10259 | D:9      | Noticed DildoBatman's ghost (novice FoCj)
 10300 | D:9      | Identified the +10 great sword of the Howling Saviour
                  | {distort, *Drain Dex+5}
 10300 | D:9      | Noticed a skeletal warrior
 10311 | D:9      | Found a transporter.
 10317 | D:9      | Found a transporter.
 10613 | Lair:1   | Entered Level 1 of the Lair of Beasts
 10667 | Lair:1   | Reached skill level 5 in Stealth
 10667 | Lair:1   | Reached XP level 11. HP: 41/75 MP: 4/11
 12009 | Lair:1   | Reached skill level 10 in Dodging
 12439 | Lair:1   | Reached skill level 11 in Short Blades
 13156 | Lair:2   | Noticed an eight-headed hydra
 13163 | Lair:2   | Killed an eight-headed hydra
 13396 | Lair:2   | Found a dark tunnel.
 13411 | Lair:2   | HP: 3/75 [basilisk (9)]
 13412 | Lair:2   | Mangled by a basilisk

Illustrated notes

Levels and vault maps discovered:
D:1:      minmay_arrival_radiant_lines, layout_basic, minmay_pentomino_t4
D:2:      layout_basic, nicolae_overflow_hidden_temple, cheibriados_altar_1,
          lemuel_doored_altar, old_standard_altar, chequers_decorated_corner,
          uniq_sigmund
D:3:      layout_basic, uniq_crazy_yiuf_cottage, uniq_natasha
D:4:      layout_basic, nicolae_qazlal_style_of_elements, gammafunk_ghost_split,
          wad_orctagon
D:5:      layout_rooms, ashenzari_conservatory_becter, basic_altar,
          gammafunk_ghost_icy, uniq_grinder
D:6:      layout_basic, nicolae_dithmenos_shadow_blocks, kennysheep_mini_moat,
          uniq_duvessa, uniq_blork_the_orc
D:7:      layout_loops_cross, grunt_temple_overflow_opulence,
          minmay_temple_entry_poolview, nicolae_ossuary_entry_giza
D:8:      layout_gridville, nicolae_tso_carved_into_rock, lemuel_round_altar,
          general_overflow_altar, grunt_lair_entry_orc_guard_hut, uniq_pikel
D:9:      layout_roguey, gammafunk_ghost_abyssal_escape
Lair:1:   layout_regular_city, cheibrodos_lair_lostbears
Lair:2:   lemuel_ratsnest, layout_cave_pods, nicolae_volcano_entry_batcave

Skill      XL: |  1  2  3  4  5  6  7  8  9 10 11 |
---------------+----------------------------------+-----
Stealth        | 1 4 5 8 |  8.5
Short Blades   | 5 6 7 9 10 11 | 11.8
Dodging        | 4 6 7 9 10 | 10.5
Throwing       | 3 6 |  6.1
Fighting       | 4 7 |  7.5

Action                   |  1- 3 |  4- 6 |  7- 9 | 10-12 || total
-------------------------+-------+-------+-------+-------++-------
Melee: Short sword       |    70 |    77 |    18 |       ||   165
       Tentacles         |    15 |    15 |   107 |   145 ||   282
       Constrict         |    17 |    18 |    66 |    76 ||   177
       Dagger            |       |       |   280 |   290 ||   570
       Rapier            |       |       |       |   114 ||   114
Invok: Berserk           |     2 |       |     3 |     4 ||     9
       Trog's Hand       |     1 |       |     4 |     5 ||    10
Evoke: Wand              |       |       |       |     9 ||     9
  Use: Scroll            |     4 |       |    10 |     6 ||    20
       Potion            |     3 |       |       |     2 ||     5
 Stab: Sleeping          |     7 |     6 |    17 |    15 ||    45
       Distracted        |       |       |       |     2 ||     2
Armor: Skin              |    12 |     3 |     2 |     4 ||    21
Dodge: Dodged            |   103 |    61 |   140 |   274 ||   578
